Map: Troizinia LE

Players

irvinz - Winner!

  • Race: Zerg Zerg
  • League: Gold
  • Spawn Location: 6:00

Pryce

  • Race: Protoss Protoss
  • Spawn Location: 11:00

BlueHawk

  • Race: Terran Terran
  • League: Bronze
  • Spawn Location: 11:00

Leiferon

  • Race: Zerg Zerg
  • Spawn Location: 9:00

fortes - Winner!

  • Race: Zerg Zerg
  • League: Silver
  • Spawn Location: 5:00

rod - Winner!

  • Race: Terran Terran
  • Spawn Location: 5:00

VOD

Have the link to the VOD?

Description

Time

  • Played on: Oct. 5, 2018, 2:29 p.m.
  • Length: 13:35
Show
View Real Time Build Order
Export as new Build Order

irvinz Zerg - Winner!

Build Orders: Hatch First 

Get SALT Encoding   

  12  0:01  Drone  
  13  0:13  Overlord  
  13  0:17  Drone  
  14  0:32  Drone  
  14  0:33  Drone  
  16  0:35  Drone  
  17  0:46  Drone  
  18  0:57  Hatchery  
  18  1:03  Drone  
  18  1:10  Extractor  
  18  1:11  Drone  
  18  1:19  Spawning Pool  
  18  1:22  Drone  
  18  1:29  Drone  
  19  1:39  Drone  
  20  2:00  Overlord  
  20  2:06  Queen  
  22  2:08  Queen  
  22  2:09  Zergling x2  
  22  2:10  Zergling x2  
  22  2:13  Drone  
  27  2:19  Metabolic Boost  
  27  2:22  Drone  
  28  2:25  Drone  
  29  2:30  Drone  
  29  2:33  Drone  
  31  2:41  Overlord  
  30  3:00  Drone x3  
  30  3:04  Drone  
  34  3:07  Queen x2  
  38  3:22  Drone x2, Zergling x2  
  38  3:23  Drone x3  
  38  3:24  Overlord x2  
  44  3:42  Drone x3  
  44  3:43  Drone  
  44  3:44  Drone  
  44  3:48  Hatchery  
  48  3:50  Roach Warren  
  48  3:53  Zergling x2  
  48  4:00  Spine Crawler, Zergling x4  
  48  4:01  Zergling x4  
  51  4:04  Zergling x2  
  51  4:05  Zergling x2  
  51  4:06  Extractor  
  51  4:08  Extractor  
  44  4:25  Drone, Zergling x6  
  44  4:28  Zergling x2  
  44  4:30  Queen  
  46  4:33  Lair  
  46  4:40  Zergling x2  
  46  4:41  Zergling x2  
  46  4:43  Drone  
  50  4:52  Drone  
  50  4:53  Drone x3  
  50  4:58  Overlord  
  50  4:59  Drone  
  54  5:02  Drone  
  54  5:04  Drone  
  56  5:07  Drone  
  56  5:13  Drone  
  58  5:15  Drone x2  
  58  5:16  Drone x2  
  58  5:18  Extractor  
  61  5:23  Queen  
  61  5:25  Drone x2  
  61  5:26  Drone  
  67  5:28  Drone  
  67  5:30  Drone  
  67  5:32  Drone  
  67  5:33  Drone  
  67  5:35  Drone  
  71  5:43  Drone x2  
  71  5:44  Overlord  
  73  5:55  Overlord  
  73  5:57  Overlord  
  73  6:02  Pneumatized Carapace  
  73  6:03  Drone x2  
  73  6:04  Drone x2  
  77  6:12  Drone x2  
  77  6:13  Drone x2  
  77  6:18  Drone x3  
  83  6:24  Drone x3  
  82  6:29  Drone  
  82  6:30  Drone  
  82  6:31  Drone x2  
  82  6:32  Drone  
  86  6:33  Drone  
  86  6:36  Drone  
  86  6:37  Hydralisk Den  
  86  6:40  Extractor  
  86  6:41  Extractor, Zergling x4  
  86  6:48  Zergling x2  
  86  6:49  Glial Reconstitution  
  86  6:50  Burrow  
  87  6:54  Hatchery  
  87  6:55  Zergling x4  
  87  6:59  Roach  
  87  7:00  Roach x3, Hatchery  
  95  7:07  Roach  
  95  7:08  Overlord x4  
  97  7:09  Overlord  
  97  7:18  Grooved Spines  
  97  7:19  Evolution Chamber  
  97  7:21  Roach, Evolution Chamber  
  97  7:27  Roach x3  
  97  7:28  Roach  
  97  7:29  Roach  
  107  7:30  Roach  
  107  7:31  Infestation Pit  
  107  7:35  Roach  
  107  7:36  Roach x5  
  120  7:39  Drone  
  120  7:42  Drone x2  
  123  7:44  Extractor  
  123  7:45  Extractor  
  123  7:46  Roach x3  
  129  7:51  Queen, Roach x2  
  129  7:57  Roach, Zerg Ground Armor Level 1  
  129  7:58  Zerg Missile Weapons Level 1  
  135  8:01  Roach  
  135  8:03  Overlord  
  137  8:08  Hive  
  137  8:09  Roach  
  137  8:12  Roach x2  
  143  8:19  Roach x3  
  149  8:23  Roach x2  
  149  8:24  Roach  
  149  8:25  Hydralisk  
  157  8:36  Overlord  
  157  8:49  Overlord x5  
  157  8:54  Queen  
  157  8:55  Hydralisk x2  
  159  8:56  Roach  
  165  9:09  Hydralisk x5  
  173  9:10  Hydralisk x4, Roach x2  
  173  9:12  Hydralisk  
  173  9:13  Roach  
  191  9:26  Muscular Augments  
  191  9:28  Hydralisk x2, Spire  
  194  9:31  Hydralisk  
  194  9:38  Overlord x3, Ultralisk Cavern  
  195  9:44  Adrenal Glands  
  195  9:52  Zerg Melee Weapons Level 1  
  193  10:24  Hydralisk  
  193  10:25  Hydralisk x4  
  193  10:26  Roach x2  
  188  10:43  Ultralisk x2  
  158  11:07  Hydralisk x3  
  158  11:08  Hydralisk x4, Roach x4  
  158  11:09  Roach x2  
  169  11:14  Zerg Ground Armor Level 2  
  169  11:15  Chitinous Plating  
  169  11:17  Greater Spire  
  165  11:22  Spire  
  165  11:24  Hydralisk  
  165  11:25  Hydralisk x2  
  164  11:26  Roach  
  164  11:30  Hydralisk  
  164  11:31  Hydralisk, Roach x2  
  172  11:40  Hydralisk x2  
  172  11:41  Hydralisk x2  
  172  11:42  Hydralisk x4  
  178  11:47  Hydralisk  
  178  11:48  Hydralisk x3  
  178  11:53  Hydralisk x4  
  172  12:04  Corruptor x2  
  172  12:05  Corruptor  
  170  12:22  Hydralisk x3  
  162  12:23  Hydralisk x6  
  143  12:48  Corruptor x3  
  143  12:49  Corruptor x2  
  143  12:54  Corruptor  
  133  13:15  Hatchery  
Show
View Real Time Build Order
Export as new Build Order

Pryce Protoss 

Build Orders:  

Get SALT Encoding   

  1  0:00  Probe  
  13  0:07  Probe  
  14  0:23  Probe  
  15  0:33  Pylon  
  15  0:51  Probe  
  15  0:56  Assimilator  
  16  1:03  Probe  
  17  1:16  Probe  
  18  1:20  Pylon  
  18  1:25  Probe  
  19  1:33  Probe  
  20  1:52  Assimilator, Gateway  
  20  2:01  Nexus  
  20  2:19  Forge  
  20  2:20  Probe  
  20  2:28  Probe  
  22  2:38  Probe  
  23  2:45  Protoss Shields Level 1  
  23  2:51  Cybernetics Core  
  23  3:12  Probe  
  24  3:20  Probe  
  25  3:29  Probe  
  26  3:39  Stalker  
  26  3:41  Probe, Stargate  
  29  3:53  Probe  
  30  3:56  Assimilator  
  30  3:58  Warp Gate  
  30  4:05  Probe  
  30  4:09  Stalker  
  33  4:15  Probe  
  33  4:23  Probe  
  34  4:29  Void Ray  
  39  4:32  Probe  
  40  4:39  Stalker  
  40  4:41  Assimilator  
  40  4:44  Probe  
  43  5:07  Photon Cannon  
  43  5:09  Stalker  
  43  5:14  Fleet Beacon  
  45  5:19  Pylon  
  45  5:22  Pylon  
  45  5:25  Pylon  
  45  5:31  Probe  
  46  5:39  Probe  
  46  5:40  Void Ray  
  52  5:44  Protoss Air Weapons Level 1  
  52  5:49  Probe  
  52  6:14  Probe  
  52  6:18  Probe  
  54  6:23  Void Ray  
  58  6:26  Probe  
  58  6:30  Probe  
  60  6:38  Probe  
  61  6:56  Carrier  
  61  7:05  Stargate  
  67  7:10  Gateway  
  67  7:22  Robotics Facility  
  67  7:31  Stalker  
  67  7:35  Protoss Air Weapons Level 2  
  69  8:04  Pylon  
  69  8:07  Pylon  
  69  8:09  Pylon  
  69  8:13  Robotics Bay  
  69  8:22  Tempest  
  69  8:24  Photon Cannon  
  75  8:31  Pylon  
  75  8:49  Nexus  
  75  9:02  Stalker  
  77  9:05  Tempest  
  77  9:06  Stalker  
  85  9:36  Pylon  
  85  9:42  Pylon  
  85  9:59  Stalker  
  87  10:03  Stalker  
  89  10:07  Carrier  
  95  10:16  Void Ray  
  99  10:26  Probe  
  99  10:34  Probe  
  101  10:44  Probe  
  102  10:56  Probe  
  103  10:59  Void Ray  
  107  11:32  Carrier  
  113  11:42  Tempest  
Show
View Real Time Build Order
Export as new Build Order

BlueHawk Terran 

Build Orders: Reaper Expand 

Get SALT Encoding   

  12  0:11  Supply Depot  
  12  0:13  SCV  
  13  0:27  SCV  
  14  0:35  Barracks  
  14  0:40  SCV  
  15  0:53  Refinery  
  15  0:55  SCV  
  16  1:08  SCV  
  17  1:22  SCV, Refinery  
  18  1:41  Reaper, Supply Depot  
  19  1:51  Command Center  
  19  2:01  Orbital Command  
  19  2:15  Reaper  
  20  2:23  Factory  
  20  2:27  SCV  
  21  2:40  SCV  
  22  2:57  SCV  
  23  2:59  Reaper  
  24  3:12  SCV  
  25  3:14  Factory Tech Lab  
  25  3:18  Starport  
  25  3:19  Orbital Command  
  25  3:22  Refinery  
  24  3:29  SCV  
  25  3:41  SCV  
  26  3:49  SCV  
  26  3:53  SCV  
  28  4:03  Refinery  
  28  4:04  SCV  
  28  4:05  Marine  
  28  4:09  Starport Reactor  
  33  4:11  Barracks  
  33  4:18  SCV x2  
  33  4:20  Engineering Bay x2  
  33  4:22  Marine  
  32  4:40  SCV x2  
  32  4:41  Marine  
  35  4:46  Siege Tank  
  38  4:59  Marine  
  38  5:01  SCV x2  
  38  5:02  Marine  
  38  5:06  Terran Infantry Armor Level 1, Terran Infantry Weapons Level 1  
  41  5:15  Factory  
  41  5:16  Marine  
  42  5:22  SCV  
  42  5:23  SCV  
  44  5:28  Command Center  
  44  5:29  Missile Turret  
  44  5:30  Missile Turret  
  44  5:34  Marine  
  44  5:35  SCV  
  46  5:49  Missile Turret  
  46  5:54  Missile Turret  
  46  5:55  Missile Turret  
  46  5:59  Supply Depot  
  46  6:00  Supply Depot  
  46  6:17  SCV x2, Marine x2, Siege Tank  
  53  6:21  Medivac  
  55  6:29  SCV  
  56  6:35  Marine  
  56  6:36  SCV  
  56  6:39  Marine  
  59  6:41  SCV  
  60  6:47  Factory Tech Lab  
  60  6:50  Barracks  
  60  6:53  SCV, Marine  
  63  6:55  Orbital Command  
  63  6:58  SCV  
  63  7:00  Marine, Refinery  
  63  7:01  Siege Tank  
  67  7:10  Marine  
  67  7:11  SCV x2  
  67  7:12  Medivac  
  67  7:13  Medivac  
  74  7:17  Refinery  
  74  7:18  Marine  
  75  7:24  SCV  
  75  7:25  SCV x2  
  75  7:28  Marine  
  75  7:29  Siege Tank  
  82  7:35  Marine  
  78  7:52  SCV x3  
  81  7:59  Missile Turret  
  81  8:00  Marine  
  81  8:04  SCV x2, Barracks Tech Lab  
  85  8:09  Barracks Reactor  
  84  8:15  Supply Depot  
  84  8:16  Supply Depot  
  84  8:17  Supply Depot  
  84  8:18  Supply Depot x2  
  84  8:20  Supply Depot  
  84  8:21  Missile Turret  
  84  8:24  Marine  
  84  8:26  Marine, Siege Tank x2  
  92  8:28  SCV  
  93  8:34  Medivac x2  
  93  8:38  SCV x2  
  99  8:42  Marine  
  99  8:46  Armory  
  100  8:51  SCV  
  100  8:52  SCV x2  
  100  8:53  Marine x2  
  100  8:54  Marine  
  106  8:58  Siege Tank  
  109  9:03  SCV  
  109  9:06  SCV x2  
  109  9:07  Marine  
  109  9:08  Medivac, Siege Tank  
  109  9:09  Medivac  
  120  9:11  Marine x3  
  123  9:17  SCV  
  123  9:18  SCV  
  125  9:31  SCV x2  
  125  9:32  SCV  
  125  9:33  Marine x4  
  125  9:34  Siege Tank  
  125  9:36  Barracks x2  
  125  9:37  Factory  
  125  9:38  Starport  
  135  9:40  Starport  
  135  9:43  SCV  
  135  9:45  SCV  
  137  9:50  Marine  
  137  9:51  Marine x2  
  137  9:52  Siege Tank  
  143  9:53  Terran Infantry Weapons Level 2, Terran Infantry Armor Level 2  
  143  9:55  Terran Vehicle Weapons Level 1  
  143  10:10  Command Center  
  143  10:32  Marine x4  
  143  10:34  Medivac  
  149  10:49  Medivac, Marine  
  148  10:50  Marine  
  148  10:54  Siege Tank  
  147  10:59  Siege Tank  
  138  11:05  Marine  
  138  11:06  Marine  
  138  11:07  Marine x2, Medivac  
  102  11:19  Medivac  
  102  11:23  Marine x2  
  97  11:27  Siege Tank  
Show
View Real Time Build Order
Export as new Build Order

Leiferon Zerg 

Build Orders: Pool First 

Get SALT Encoding   

  12  0:01  Drone  
  13  0:10  Drone  
  14  0:16  Overlord  
  14  0:26  Extractor, Drone  
  14  0:36  Drone  
  14  0:37  Drone  
  16  0:48  Drone  
  17  0:55  Spawning Pool  
  17  0:56  Drone  
  17  1:07  Drone  
  18  1:18  Drone  
  19  1:29  Drone  
  20  1:43  Queen  
  20  1:46  Hatchery  
  21  1:53  Drone  
  22  1:54  Overlord  
  22  2:12  Overlord  
  22  2:17  Zergling x2  
  23  2:23  Metabolic Boost  
  23  2:31  Zergling x2, Evolution Chamber  
  23  2:40  Zergling x2  
  22  3:06  Zergling x10  
  22  3:11  Zerg Melee Weapons Level 1  
  27  3:19  Spine Crawler  
  26  3:24  Zergling x8  
  30  3:34  Drone x2  
  31  3:35  Queen  
  31  3:40  Zergling x2  
  31  3:41  Zergling x2  
  36  3:42  Overlord  
  36  3:51  Roach Warren  
  35  4:00  Drone x4  
  36  4:25  Drone x7  
  36  4:39  Drone x2  
  38  4:45  Overlord  
  38  5:00  Lair  
  38  5:13  Drone x2  
  40  5:17  Zerg Ground Armor Level 1  
  40  5:25  Spore Crawler  
  39  5:31  Zergling x8  
  39  5:32  Zergling x2  
  44  5:36  Extractor, Drone x5  
  48  6:02  Hatchery  
  47  6:10  Drone  
  47  6:11  Zergling x4  
  47  6:12  Zergling x4  
  42  6:37  Zergling x6  
  42  6:38  Queen  
  46  6:45  Zergling x6  
  48  6:58  Drone x4  
  48  6:59  Overlord x3, Hydralisk Den  
  48  7:00  Overlord  
  50  7:26  Drone x5  
  49  7:38  Hydralisk x3  
  55  7:51  Zerg Melee Weapons Level 2  
  55  7:53  Zergling x6  
  58  8:00  Grooved Spines  
  58  8:08  Queen  
  58  8:10  Drone x5  
  58  8:11  Drone x5  
  58  8:12  Drone  
  71  8:16  Extractor  
  71  8:19  Extractor  
  69  8:26  Hydralisk x4  
  73  8:30  Glial Reconstitution  
  77  8:47  Roach x5  
  77  8:48  Roach  
  89  8:50  Overlord x3  
  89  8:57  Extractor  
  89  8:59  Extractor  
  87  9:23  Muscular Augments  
  87  9:30  Drone x4  
  87  9:31  Overlord x2  
  91  9:32  Hydralisk x3  
  91  9:33  Hydralisk x4  
  91  9:34  Overlord  
  105  9:59  Spire  
  104  10:03  Infestation Pit  
  47  10:48  Hydralisk x6  
  47  10:49  Hydralisk x3  
Show
View Real Time Build Order
Export as new Build Order

fortes Zerg - Winner!

Build Orders: Hatch First 

Get SALT Encoding   

  12  0:01  Drone  
  13  0:12  Overlord  
  13  0:17  Drone  
  14  0:30  Drone  
  14  0:34  Drone x2  
  17  0:45  Drone  
  18  0:56  Drone  
  19  1:08  Drone  
  19  1:10  Hatchery  
  19  1:19  Spawning Pool  
  19  1:21  Drone  
  19  1:28  Drone  
  20  1:34  Extractor  
  19  1:42  Drone  
  20  1:52  Drone  
  21  2:09  Drone  
  21  2:14  Overlord  
  22  2:26  Spine Crawler  
  22  2:27  Drone x2  
  23  2:32  Drone  
  23  2:35  Drone  
  25  2:46  Queen  
  25  2:48  Queen  
  26  3:10  Drone x3  
  26  3:12  Spine Crawler  
  28  3:13  Drone x3  
  31  3:29  Drone x2  
  31  3:30  Extractor  
  32  3:45  Drone  
  32  3:46  Drone x3  
  32  3:47  Roach Warren  
  35  3:56  Evolution Chamber  
  34  4:04  Drone  
  34  4:05  Drone  
  34  4:06  Overlord x3  
  36  4:24  Queen x2, Drone  
  36  4:25  Drone x2  
  36  4:30  Roach x4  
  51  4:39  Spine Crawler  
  51  4:42  Drone x2  
  51  4:44  Overlord x2  
  52  4:48  Extractor  
  52  4:51  Drone  
  52  4:52  Extractor  
  51  5:01  Queen  
  51  5:02  Roach x3  
  59  5:09  Drone x2  
  61  5:29  Evolution Chamber  
  61  5:31  Zerg Ground Armor Level 1  
  60  5:36  Lair  
  60  5:38  Roach x4  
  68  5:47  Overlord x2  
  68  5:55  Zerg Melee Weapons Level 1  
  68  5:57  Spine Crawler  
  67  6:13  Roach  
  67  6:14  Roach x5  
  79  6:28  Roach x2  
  79  6:30  Hatchery  
  82  6:37  Roach  
  82  6:38  Overlord x3  
  84  7:23  Roach x7  
  84  7:25  Zerg Missile Weapons Level 1  
  98  7:31  Glial Reconstitution  
  90  7:49  Zerg Ground Armor Level 2  
  76  7:57  Roach x9  
  94  8:07  Drone x2  
  94  8:12  Spine Crawler  
  95  8:41  Roach  
  95  8:42  Roach x7  
  95  8:43  Roach  
  95  8:45  Drone  
  114  8:49  Tunneling Claws  
  114  8:59  Hydralisk Den  
  113  9:25  Overlord  
  113  9:26  Overlord x2  
  113  9:56  Hatchery  
  112  10:05  Zerg Missile Weapons Level 2  
  112  10:06  Roach x5  
  112  10:07  Roach x7  
  136  10:35  Hydralisk x3  
  132  10:38  Overlord x3  
  138  11:15  Hydralisk x8  
  138  11:18  Roach  
  132  11:35  Roach x2  
  132  11:36  Roach x3  
  96  12:11  Roach x9  
  96  12:12  Zergling x2  
  96  12:13  Zergling x2  
  104  12:23  Drone  
  104  12:26  Roach x2  
  104  12:27  Roach  
  111  12:36  Hydralisk  
  111  12:37  Hydralisk  
  111  12:41  Drone  
  112  12:46  Drone x2  
  108  12:57  Roach  
  108  12:58  Roach x2  
Show
View Real Time Build Order
Export as new Build Order

rod Terran - Winner!

Build Orders:  

Get SALT Encoding   

  12  0:02  SCV  
  13  0:14  SCV  
  14  0:28  Supply Depot  
  14  0:29  Refinery  
  14  0:32  SCV  
  15  0:50  SCV  
  15  0:54  Barracks  
  16  1:02  SCV  
  17  1:14  SCV  
  18  1:33  SCV  
  19  1:44  Barracks  
  19  1:45  Barracks Reactor  
  19  1:56  Supply Depot  
  19  2:14  Orbital Command  
  19  2:21  Factory  
  19  2:41  Marine  
  19  2:43  Marine  
  21  2:45  Command Center  
  21  2:58  Marine  
  21  3:04  SCV  
  23  3:10  Factory Tech Lab  
  23  3:12  Barracks Tech Lab  
  23  3:16  SCV  
  24  3:23  Marine  
  24  3:24  Marine  
  24  3:41  Marine x2  
  26  3:56  SCV  
  27  4:06  Marine  
  27  4:07  Marine x2  
  27  4:08  SCV  
  31  4:18  Engineering Bay  
  31  4:21  Refinery  
  31  4:30  SCV, Marine x3  
  34  4:31  Supply Depot  
  33  4:43  SCV  
  33  4:55  SCV  
  34  5:07  SCV, Marine x3  
  38  5:18  SCV  
  38  5:19  SCV  
  40  5:24  Marine  
  40  5:25  Marine x2  
  43  5:30  SCV  
  43  5:31  SCV  
  45  5:42  SCV, Marine  
  47  5:43  SCV, Marine x2  
  50  5:55  SCV  
  50  5:56  Terran Infantry Weapons Level 1  
  51  5:57  Supply Depot  
  51  6:06  Marine x3  
  51  6:07  Starport  
  54  6:14  Supply Depot  
  54  6:18  SCV  
  54  6:23  Marine  
  54  6:24  Marine x2  
  57  6:30  SCV  
  53  6:41  Marine x2  
  53  6:42  Marine  
  53  6:45  Supply Depot  
  52  6:49  SCV  
  52  6:53  SCV  
  52  6:59  Marine x3  
  52  7:01  SCV  
  56  7:05  SCV  
  57  7:09  Refinery  
  57  7:12  Refinery  
  57  7:13  SCV  
  58  7:17  Marine x3  
  58  7:18  SCV  
  61  7:25  SCV  
  61  7:27  Combat Shields  
  62  7:30  SCV  
  62  7:34  Medivac  
  62  7:35  Marine x3, Engineering Bay  
  68  7:37  SCV  
  68  7:42  SCV  
  70  7:51  Terran Infantry Armor Level 1  
  70  7:52  Marine  
  70  7:53  Marine x2  
  70  7:54  SCV  
  74  8:01  Supply Depot  
  74  8:03  Command Center  
  74  8:04  Medivac  
  76  8:18  SCV  
  77  8:25  Supply Depot  
  77  8:30  SCV, Siege Tank  
  81  8:34  Medivac  
  81  8:37  Marine x2  
  85  8:42  SCV  
  86  8:50  Supply Depot  
  86  8:54  SCV  
  86  8:55  Marine x2, Supply Depot  
  89  9:02  Siege Tank  
  92  9:03  Stimpack  
  92  9:06  SCV  
  93  9:13  Marine, Supply Depot  
  94  9:18  SCV  
  94  9:19  Supply Depot  
  95  9:34  Siege Tank  
  95  9:35  Supply Depot  
  98  9:41  Supply Depot  
  98  9:48  Marine x3  
  98  9:49  SCV x2  
  103  10:01  SCV  
  103  10:02  SCV  
  103  10:05  Command Center  
  103  10:06  Marine  
  106  10:13  SCV  
  106  10:14  SCV  
  108  10:26  SCV  
  109  10:37  Marine x3  
  109  10:40  SCV x2  
  114  10:52  SCV x2  
  114  10:55  Marine x3  
  118  11:04  SCV  
  104  11:13  Marine x3  
  106  11:28  Siege Tank  
  106  11:31  Marine x3  
  112  11:38  Armory  
  112  11:48  Marine  
  112  11:49  Marine x2  
  115  11:55  Refinery  
  115  12:00  Siege Tank  
  118  12:06  Marine x2  
  118  12:07  Marine  
  121  12:24  Marine  
  122  12:56  SCV x2  
  122  12:57  Marine x3  
  126  13:08  SCV x2  
  128  13:14  Marine  
  128  13:15  Marine x2  
  131  13:20  SCV x2  
Tags
 
Add a new tag
Caveats
  • Supply blocks, unpowered buildings, or Contaminate may cause inaccurate times.
  • Supply counts are checked every 10 seconds.